Map: Ruins of Seras

Players

MelloW (Nina) - Winner!

  • Race: Protoss Protoss
  • League: Grandmaster

IIIIIIIIIIII

  • Race: Terran Terran
  • League: Grandmaster

VOD

Have the link to the VOD?

Description

puCK's nexus first into blink pressure macro game

Time

  • Played on: Dec. 7, 2015, 5:23 a.m.
  • Length: 8:09
Show
View Real Time Build Order
Export as new Build Order

MelloW Protoss - Winner!

Build Orders: Nexus First, Blink Stalkers 

Get SALT Encoding   

  12  0:01  Probe (Chrono Boost)  
  13  0:12  Probe (Chrono Boost)  
  14  0:18  Pylon  
  14  0:24  Probe (Chrono Boost)  
  15  0:36  Probe (Chrono Boost)  
  16  0:47  Probe (Chrono Boost)  
  17  0:59  Nexus  
  17  1:03  Probe (Chrono Boost)  
  18  1:13  Probe (Chrono Boost)  
  18  1:16  Gateway  
  19  1:24  Probe (Chrono Boost), Assimilator  
  20  1:30  Assimilator  
  20  1:34  Probe (Chrono Boost)  
  21  1:41  Pylon  
  21  1:45  Probe (Chrono Boost)  
  22  1:55  Gateway, Probe (Chrono Boost)  
  23  2:06  Probe (Chrono Boost)  
  24  2:09  Cybernetics Core  
  24  2:12  Probe (Chrono Boost)  
  25  2:17  Probe (Chrono Boost)  
  25  2:21  Zealot (Chrono Boost)  
  28  2:23  Probe  
  28  2:29  Probe  
  29  2:34  Probe (Chrono Boost)  
  30  2:45  Mothership Core (Chrono Boost)  
  30  2:47  Adept (Chrono Boost)  
  30  2:48  Adept (Chrono Boost)  
  30  2:49  Probe (Chrono Boost)  
  37  2:52  Warp Gate  
  37  3:01  Probe (Chrono Boost)  
  37  3:03  Pylon  
  39  3:06  Probe (Chrono Boost)  
  39  3:11  Probe (Chrono Boost)  
  40  3:16  Probe (Chrono Boost)  
  40  3:18  Twilight Council  
  41  3:22  Probe (Chrono Boost)  
  43  3:27  Probe (Chrono Boost)  
  43  3:33  Probe (Chrono Boost)  
  44  3:37  Probe (Chrono Boost)  
  45  3:41  Nexus  
  45  3:43  Probe (Chrono Boost)  
  45  3:47  Pylon  
  45  3:48  Probe (Chrono Boost)  
  47  3:49  Blink (Chrono Boost)  
  47  3:53  Probe (Chrono Boost)  
  48  3:59  Probe  
  49  4:04  Probe, Robotics Facility  
  50  4:23  Probe x2  
  49  4:27  Gateway  
  49  4:28  Gateway  
  49  4:29  Gateway  
  48  4:35  Gateway  
  48  4:36  Probe, Pylon  
  48  4:37  Probe, Assimilator  
  49  4:40  Assimilator  
  50  4:46  Pylon  
  50  4:48  Probe  
  50  4:49  Probe  
  50  4:52  Observer (Chrono Boost)  
  53  4:53  Probe  
  54  5:00  Probe  
  54  5:01  Probe  
  54  5:03  Probe  
  54  5:04  Pylon  
  54  5:05  Zealot  
  59  5:07  Stalker  
  59  5:12  Probe  
  59  5:13  Probe, Warp Prism (Chrono Boost)  
  63  5:24  Pylon  
  63  5:28  Stalker  
  65  5:29  Probe  
  65  5:30  Stalker x3  
  65  5:34  Probe  
  69  5:42  Stalker  
  69  5:43  Stalker  
  69  5:45  Probe  
  69  5:47  Observer (Chrono Boost)  
  69  5:48  Probe  
  76  5:53  Stalker  
  76  5:54  Stalker x2  
  76  5:55  Probe  
  83  6:05  Observer (Chrono Boost)  
  82  6:12  Stalker x3  
  82  6:15  Probe  
  82  6:16  Probe  
  82  6:18  Assimilator  
  90  6:20  Assimilator  
  90  6:22  Forge  
  90  6:23  Probe, Forge  
  91  6:27  Probe  
  91  6:30  Pylon  
  92  6:33  Probe  
  92  6:36  Observer (Chrono Boost)  
  94  6:40  Pylon  
  94  6:41  Probe  
  94  6:42  Probe  
  94  6:45  Probe  
  94  6:47  Stalker x6  
  109  7:03  Robotics Bay  
  109  7:09  Pylon  
  109  7:12  Pylon  
  109  7:19  Sentry x4  
  117  7:35  Stalker x2  
  117  7:44  Stalker x3  
  117  7:45  Stalker  
  118  8:06  Stalker x2  
Show
View Real Time Build Order
Export as new Build Order

IIIIIIIIIIII Terran 

Build Orders: Reaper Expand, MMM Bio 

Get SALT Encoding   

  12  0:00  SCV  
  13  0:13  SCV  
  14  0:18  Supply Depot  
  14  0:25  SCV  
  15  0:40  SCV  
  15  0:41  Barracks  
  16  0:45  Refinery  
  16  0:52  SCV  
  17  1:04  SCV  
  18  1:17  SCV  
  19  1:30  Reaper, Orbital Command  
  20  1:46  Command Center  
  20  1:56  SCV, Supply Depot  
  21  2:04  Marine  
  21  2:08  SCV  
  23  2:22  SCV  
  24  2:24  Barracks Reactor  
  24  2:26  Factory  
  24  2:34  SCV  
  25  2:39  Refinery, Bunker  
  25  2:46  SCV  
  26  2:58  SCV  
  26  2:59  Orbital Command  
  26  3:02  Marine x2  
  29  3:10  SCV  
  29  3:11  Factory Tech Lab  
  30  3:13  Barracks  
  30  3:20  Marine x2  
  30  3:23  SCV  
  33  3:27  SCV  
  33  3:31  Cyclone  
  37  3:34  Supply Depot  
  37  3:35  SCV  
  37  3:37  Marine  
  37  3:38  Marine  
  37  3:39  SCV  
  41  3:48  SCV  
  42  3:52  SCV  
  43  4:01  SCV  
  43  4:02  Supply Depot  
  44  4:03  Barracks  
  44  4:04  SCV  
  44  4:05  Marine x2  
  47  4:14  Factory Tech Lab  
  47  4:15  SCV  
  47  4:16  SCV  
  47  4:20  Stimpack, Marauder  
  47  4:22  Marine  
  47  4:23  Marine  
  49  4:28  SCV x2  
  50  4:32  Supply Depot  
  50  4:42  SCV x2  
  50  4:43  Marine x3  
  55  4:46  Command Center  
  55  4:54  Supply Depot  
  55  4:56  SCV x2  
  57  5:03  Engineering Bay  
  57  5:06  Combat Shields, Engineering Bay  
  57  5:07  Marine x3  
  57  5:08  SCV x2  
  62  5:20  SCV x2  
  64  5:28  Marine x2  
  66  5:39  Factory Reactor, Marauder x2  
  66  5:42  Starport  
  64  5:45  SCV x2  
  64  5:54  Marine x2  
  64  5:57  SCV  
  64  5:58  SCV  
  64  6:04  Marauder, Marine  
  65  6:09  Terran Infantry Weapons Level 1  
  65  6:10  Terran Infantry Armor Level 1  
  65  6:11  Bunker, Marine  
  59  6:13  SCV x2, Refinery, Bunker, Barracks  
  59  6:14  Refinery, Barracks  
  59  6:22  Marine  
  59  6:25  SCV  
  63  6:26  Marauder x2  
  63  6:29  Supply Depot x2, Medivac, Marine  
  63  6:32  Medivac  
  70  6:46  Orbital Command  
  70  6:54  SCV  
  70  6:55  SCV  
  70  6:57  Marine x2  
  70  6:58  Marauder x2  
  78  7:04  Armory, Barracks Reactor  
  78  7:05  Barracks Tech Lab  
  78  7:08  SCV  
  79  7:14  Medivac x2  
  83  7:17  Marine  
  83  7:21  Orbital Command  
  84  7:23  Marauder  
  82  7:34  Marauder, Marine  
  76  7:40  Marauder, Marine  
  73  7:44  Marine  
  73  7:47  Marine x2  
Tags
 
Add a new tag
Caveats
  • Supply blocks, unpowered buildings, or Contaminate may cause inaccurate times.
  • Supply counts are checked every 10 seconds.